 Dungeon Crawl Stone Soup version 0.28-a0-512-g960c72b710 (webtiles) character file.

Game seed: 15185674530224270643

1 Lekart the Skirmisher (level 1, 0/19 HPs)
             Began as a Draconian Abyssal Knight on Sept 22, 2021.
             Was an Initiate of Lugonu.
             Slain by a rat (3 damage)
             ... on level 1 of the Dungeon.
             The game lasted 00:00:33 (186 turns).

Lekart the Skirmisher (Draconian Abyssal Knight)     Turns: 186, Time: 00:00:34

Health: 0/19       AC:  4    Str: 15    XL:     1   Next: 16%
Magic:  2/2        EV: 12    Int: 10    God:    Lugonu [......]
Gold:   0          SH:  0    Dex: 11    Spells: 0/0 levels left

rFire   . . .      SeeInvis .   a - +1 falchion
rCold   . . .      Faith    .   (no shield)
rNeg    . . .      Spirit   .   (armour unavailable)
rPois   .          Reflect  .   (helmet restricted)
rElec   .          Harm     .   (no cloak)
rCorr   .          Rampage  .   (no gloves)
Will    .....                   (no boots)
Stlth   +.........              (no amulet)
HPRegen 0.06/turn               (no ring)
MPRegen 0.08/turn               (no ring)

@: no status effects
A: AC +4, unfitting armour, cold-blooded
a: Renounce Religion


You were on level 1 of the Dungeon.
You worshipped Lugonu.
Lugonu was noncommittal.
You visited 1 branch of the dungeon, and saw 1 of its levels.
You visited the Abyss 1 time.

Inventory:

Hand Weapons
 a - a +1 falchion (weapon)


   Skills:
 + Level 3.3 Fighting
 + Level 2.0 Long Blades
 + Level 2.1 Dodging
 + Level 2.0 Invocations


You couldn't memorise any spells.
You didn't know any spells.
Your spell library was empty.

Dungeon Overview and Level Annotations

Branches:
Dungeon (1/15)

Altars:


Innate Abilities, Weirdness & Mutations

Your plain brown scales are hard. (AC +4)
You cannot fit into any form of body armour.
You are cold-blooded and may be slowed by cold attacks.


Message History

A ball python is nearby!
You barely miss the ball python.
The ball python bites you but does no damage.
The ball python constricts you.
There are monsters nearby!
You are too injured to fight recklessly!
You are too injured to fight recklessly!
There are monsters nearby!
There are monsters nearby!
You are too injured to fight recklessly!
You barely miss the ball python. The ball python misses you.
The ball python constricts you.
The ball python bites you but does no damage.
The ball python constricts you.
You closely miss the ball python. The ball python bites you.
The ball python constricts you.
You barely miss the ball python.
Your tail-slap misses the ball python.
The ball python barely misses you. The ball python constricts you.
* * * LOW HITPOINT WARNING * * *
The ball python closely misses you. The ball python constricts you.
You slash the ball python!
You kill the ball python!
Lugonu accepts your kill.
You start resting.
A bat is nearby!
Found a scroll labelled NEROVE YDA ASYRGH and a chain mail.
Found 15 gold pieces.
The bat closely misses you. The bat hits you.
* * * LOW HITPOINT WARNING * * *
You hit the bat.
The bat is heavily wounded.
The bat hits you.
* * * LOW HITPOINT WARNING * * *
The bat hits you.
* * * LOW HITPOINT WARNING * * *
The bat hits you but does no damage.
You hit the bat.
You kill the bat!
Lugonu accepts your kill. The rat bites you.
You die...

#####.### #.#
#.......# #.# ###
..$ #.###.#.# #.#
.. .. ##.###.#.#
#.###.##..
.......#.#
#.##...#.
########.# #.##.#..
.
###.###....#.###..#
#......##..#r[....#
#.#.##.##..@$!#
#....#.##.###.#
#....#.##.. #
#....#.#### #
..#.##.#
####...#.##.#
'............
####...# ### # #


You could see a rat.

Vanquished Creatures
  A bat (D:1)
  2 ball pythons (D:1)
3 creatures vanquished.

Notes
Turn   | Place    | Note
-------+----------+-------------------------------------------
     0 | Abyss:1  | Lekart the Draconian Abyssal Knight began the quest for the
                  | Orb.
     0 | Abyss:1  | Reached XP level 1. HP: 19/19 MP: 2/2
    26 | Abyss:1  | Noticed a vampire
    27 | D:1      | Escaped the Abyss
   186 | D:1      | Slain by a rat

Illustrated notes

Levels and vault maps discovered:
D:1:      minmay_arrival_wavy_path, layout_loops_corners,
          basic_ecumenical_altar, hangedman_abyss_or_decor_stabs,
          minmay_tromino_i4

Action                   || total
-------------------------++-------
Melee: Falchion          ||    14
Invok: Depart the Abyss  ||     1
Armor: Skin              ||     6
Dodge: Dodged            ||    10

Table legend: (Time is in decaauts)
 A = Elapsed time spent in this place.
 B = Non-inter-level travel time spent in this place.
 C = Inter-level travel time spent in this place.
 D = Time resting spent in this place.
 E = Time spent auto-exploring this place.
 F = Levels seen in this place.
 G = Mean time per level.
                   A        B        C        D        E       F      G
               +--------+--------+--------+--------+--------+-----+--------+
         Total |    188 |    188 |      0 |     15 |    143 |   2 |   94.0 |
       Dungeon |    161 |    161 |      0 |     15 |    118 |   1 |  161.0 |
         Abyss |     27 |     27 |      0 |      0 |     25 |   1 |   27.0 |
               +--------+--------+--------+--------+--------+-----+--------+

Top non-repeatable levels by time:
     D:1: 161 daAuts
 Abyss:1: 27 daAuts
